 Dungeon Sprint DCSS version 0.26-a0-720-g2a1d101370 (webtiles) character file.

Game seed: 3107484233499129149

36017822 rocky1 the End of an Era (level 21, 210/210 HPs)
             Began as a Formicid Fighter on Nov 2, 2020.
             Was the Champion of Qazlal.
             Escaped with the Orb
             ... and 10 runes on Nov 3, 2020!
             The game lasted 02:04:53 (17729 turns).

rocky1 the End of an Era (Formicid Fighter)        Turns: 17729, Time: 02:04:53

Health: 210/210    AC: 47    Str: 28    XL:     21   Next: 93%
Magic:  38/38      EV: 22    Int:  5    God:    Qazlal [******]
Gold:   2850       SH: 53    Dex: 12    Spells: 29/30 levels left

rFire    + + .     SeeInvis +   F - +9 eudemon blade (holy)
rCold    + . .     Faith    .   T - +10 tower shield of Ignorance {rN+ Int-4}
rNeg     + . .     Spirit   +   V - +10 plate armour of Henotheism {rC+ Stlth+}
rPois    .         Reflect  .   (helmet unavailable)
rElec    .         Harm     .   q - +4 dragonskin cloak
rCorr    .         Rampage  .   w - +2 pair of gloves
MR       ++...                  I - +2 pair of boots {Fly}
Stlth    ..........             R - brooch of Shielding {Spirit SH+8}
HPRegen  0.45/turn              E - ring of protection from fire
MPRegen  0.26/turn              X - ring of protection from fire

@: flying, studying Summonings, repel missiles
A: permanent stasis, dig shafts and tunnels, four strong arms, antennae 3,
rugged brown scales 1, sense surroundings 1, wild magic 1
0: Orb of Zot
}: 10/10 runes: decaying, serpentine, slimy, silver, golden, iron, obsidian,
icy, bone, demonic
a: Dig, Upheaval, Elemental Force, Disaster Area, Renounce Religion, Stop Flying


You escaped.
You worshipped Qazlal.
Qazlal was exalted by your worship.
You visited 1 branch You collected 8518 gold pieces.
You spent 5668 gold pieces at shops.

Inventory:

Hand Weapons
 b - a +6 great sword of pain
 F - a +9 eudemon blade of holy wrath (weapon)
Armour
 q - the +4 dragonskin cloak (worn)
   (You took it off Tiamat in the Dungeon)
 w - a +2 pair of gloves (worn)
 I - a +2 pair of boots of flying (worn)
 M - a +2 cloak
 Q - the +2 pair of boots "Urokkitz" {Rampage Int+2}
   (You found it in the Dungeon)

   It affects your intelligence (+2).
   It bestows one free step when moving towards enemies.
 T - the +10 tower shield of Ignorance (worn) {rN+ Int-4}
   (You found it in the Dungeon)

   It affects your intelligence (-4).
   It protects you from negative energy.
 V - the +10 plate armour of Henotheism (worn) {rC+ Stlth+}
   (You found it in the Dungeon)

   It protects you from cold.
   It makes you more stealthy.
Jewellery
 E - a ring of protection from fire (left hand)
 R - the brooch of Shielding (around neck) {Spirit SH+8}
   (You found it in the Dungeon)

   [amulet of guardian spirit]

   It causes incoming damage to be split between your health and magic.
   It affects your SH (+8).
 X - a ring of protection from fire (right hand)
Wands
 k - a wand of iceblast (36)
 A - a wand of digging (4)
 N - a wand of paralysis (8)
 S - a wand of acid (25)
Scrolls
 c - a scroll of enchant armour
 m - a scroll of holy word
 n - 2 scrolls of fear
 v - 3 scrolls of remove curse
 y - 3 scrolls of enchant weapon
 z - 5 scrolls of amnesia
 G - a scroll of silence
Potions
 a - a potion of brilliance
 e - 14 potions of curing
 f - 8 potions of heal wounds
 g - a potion of magic
 h - 3 potions of might
 i - 2 potions of mutation
 j - 2 potions of stabbing
 p - 2 potions of flight
 t - 2 potions of invisibility
 B - 2 potions of cancellation
 H - 3 potions of resistance
Books
 P - a manual of Summonings
Miscellaneous
 d - a lightning rod (4/4)
 l - the horn of Geryon
 o - a phial of floods
 u - a condenser vane (2/2)
 x - a tin of tremorstones (3/3)
 D - a box of beasts (3/3)
 O - a phantom mirror


   Skills:
 O Level 27 Fighting
 - Level 20.1 Long Blades
   Level 15.2 Maces & Flails
 O Level 27 Armour
 O Level 27 Dodging
 O Level 27 Shields
 + Level 5.0 Spellcasting
 + Level 7.3 Summonings
 O Level 27 Necromancy
 O Level 27 Invocations
 O Level 27 Evocations


You had 29 spell levels left.
You knew the following spells:

 Your Spells              Type           Power        Failure   Level
a - Animate Skeleton      Necr           #####.       1%          1

Your spell library contained the following spells:

 Spells                   Type           Power        Failure   Level
 Pain                     Necr           ####         1%          1
 Vampiric Draining        Necr           #####.....   1%          3
 Animate Dead             Necr           #####.....   1%          4
 Agony                    Necr           #####...     1%          5
 Death Channel            Necr           #####.....   1%          6
 Summon Small Mammal      Summ           ##..         8%          1
 Call Imp                 Summ           ##......     11%         2
 Call Canine Familiar     Summ           ##......     21%         3
 Summon Guardian Golem    Hex/Summ       #.......     61%         3
 Apportation              Tloc           #.....       75%         1
 Corona                   Hex            #......      75%         1
 Magic Dart               Conj           #...         75%         1
 Sting                    Tmut/Pois      #...         75%         1
 Ensorcelled Hibernation  Hex/Ice        #.....       86%         2
 Passwall                 Tmut/Erth      #.......     86%         2
 Poisonous Vapours        Pois/Air       #.....       86%         2
 Searing Ray              Conj           #.....       86%         2
 Slow                     Hex            #.......     86%         2
 Summon Ice Beast         Ice/Summ       #.......     94%         4
 Summon Lightning Spire   Summ/Air       #.......     94%         4
 Confusing Touch          Hex            #.......     97%         3
 Conjure Flame            Conj/Fire      #.......     97%         3
 Dazzling Flash           Conj/Hex       #.....       97%         3
 Gell's Gravitas          Tloc           #.........   97%         3
 Ignite Poison            Fire/Tmut/Pois #.......     97%         3
 Mephitic Cloud           Conj/Pois/Air  #.......     97%         3
 Portal Projectile        Hex/Tloc       #.....       97%         3
 Tukima's Dance           Hex            #.......     97%         3
 Fulminant Prism          Conj/Hex       #.........   100%        4
 Iskenderun's Mystic Bla  Conj/Tloc      #.......     100%        4
 Leda's Liquefaction      Hex/Erth       #.........   100%        4
 Passage of Golubria      Tloc           N/A          100%        4
 Petrify                  Tmut/Erth      #.......     100%        4
 Bolt of Magma            Conj/Fire/Erth #.........   100%        5
 Lee's Rapid Deconstruct  Erth           #.........   100%        5
 Metabolic Englaciation   Hex/Ice        #.........   100%        5
 Yara's Violent Unravell  Hex/Tmut       #.........   100%        5
 Dispersal                Tloc           #.........   100%        6
 Invisibility             Hex            #.......     100%        6
 Iron Shot                Conj/Erth      #.........   100%        6
 Statue Form              Tmut/Erth      #........    100%        6
 Malign Gateway           Summ/Tloc      #.........   100%        7
 Disjunction              Tloc           #.........   100%        8
 Shatter                  Erth           #.........   100%        9
 Blink                    Tloc           Unusable     N/A         2
 Swiftness                Air            Unusable     N/A         2

Dungeon Overview and Level Annotations

Branches:
Dungeon (1/1)

Altars:
Cheibriados
Dithmenos
Elyvilon
Fedhas
Gozag
Hepliaklqana
Kikubaaqudgha
Makhleb
Nemelex Xobeh
Okawaru
Qazlal
Ru
Sif Muna
Trog
Uskayaw
Vehumet
Wu Jian
Xom
Yredelemnul
Zin
The Shining One
Beogh
Jiyva
Lugonu

Shops:
D :[!*[:!![![}[}(:??!!=}(


Innate Abilities, Weirdness & Mutations

You cannot be hasted, slowed, berserked, paralysed or teleported.
You can dig through walls and to a lower floor.
Your four strong arms can wield two-handed weapons with a shield.
You have a pair of large antennae on your head. (SInv)
You are partially covered in rugged brown scales. (AC +1, +3% HP)
You passively map a small area around you.
Your spells are a little harder to cast, but a little more powerful.


Message History

You closely miss the Orb Guardian.
The Orb Guardian is almost dead.
You block the Orb Guardian's attack.
You hit the Orb Guardian but do no damage.
The Orb Guardian is almost dead.
You block the Orb Guardian's attack.
You slash the Orb Guardian!
You kill the Orb Guardian!
Qazlal accepts your kill.
Your Spellcasting skill gained 2 levels and is now at level 5!
Your Summonings skill gained 3 levels and is now at level 7!
No target in view!
Evoke which item? (* to show all) (? for menu, Esc to quit)
Press: ? - help, Shift-Dir - straight line This square is covered in magical glow.
The rock shatters into small pieces.
There is a staircase leading out of the dungeon here.
You can't go down here!
Unknown command.
You have escaped!

▓▓▓▓▓▓▓▓▓ ▓▓
▓@○.#(..#### ##.
▓☼.§#......#####..
▓..#........#..#..
▓##.#..##...#..#..
##.##.###..##'#..
▓#.####...........
▓.###..##..####...
▓#.....##..###....
###..##...##.....


There were no monsters in sight!

Vanquished Creatures
  the Royal Jelly (D)
  Antaeus (D)
  Gloorx Vloq (D)
  the Serpent of Hell (D)
  An orb of fire (D)
  Dispater (D)
  Tiamat (D)
  Mara (D)
  Mennas (D)
  An ancient lich (D)
  Sojobo (D)
  Boris (twice) (D)
  5 greater mummies (D)
  2 pandemonium lords (D)
  A Killer Klown (D)
  Sigmund (D)
  Geryon (D)
  Nikola (D)
  Nellie (D)
  An iron giant (D)
  A Brimstone Fiend (D)
  Rupert (D)
  5 Ice Fiends (D)
  3 Hell Sentinels (D)
  A titan (D)
  5 Orb Guardians (D)
  2 liches (D)
  A deep elf master archer (D)
  9 acid blobs (D)
  A quicksilver dragon (D)
  2 sphinxes (D)
  Murray (D)
  An ancient champion (D)
  An Executioner (D)
  Gastronok (D)
  5 shadow dragons (D)
  A nagaraja (D)
  11 azure jellies (D)
  2 storm dragons (D)
  Roxanne (D)
  Chuck (D)
  3 fire giants (D)
  2 draconian scorchers (D)
  An iron dragon (D)
  2 frost giants (D)
  3 draconian knights (D)
  3 ghost moths (D)
  2 draconian stormcallers (D)
  A draconian shifter (D)
  4 war gargoyles (D)
  2 vampire knights (D)
  A corrupter (D)
  2 stone giants (D)
  3 deep elf annihilators (D)
  Azrael (D)
  2 dire elephants (D)
  A yellow draconian (D)
  A deep elf death mage (D)
  A fire dragon (D)
  3 yaktaur captains (D)
  A deep elf high priest (D)
  2 death oozes (D)
  11 mummy priests (D)
  4 ice dragons (D)
  18 vault guards (D)
  Erolcha (D)
  A hydra (D)
  2 hell beasts (D)
  A naga warrior (D)
  2 centaur warriors (D)
  5 anacondas (D)
  4 dancing weapons (D)
  4 death yaks (D)
  2 iron elementals (D)
  Urug (D)
  A titan zombie (D)
  A queen ant (shapeshifter) (D)
  An ogre mage (D)
  3 sun demons (D)
  3 deep elf knights (D)
  2 soul eaters (D)
  4 hell knights (D)
  6 skeletal warriors (D)
  2 iron golems (D)
  An infernal demonspawn (D)
  An anaconda zombie (D)
  A death drake (D)
  2 obsidian statues (D)
  A spriggan druid (D)
  A glowing orange brain (D)
  A spectral iron dragon (D)
  2 shadow demons (D)
  3 kraken simulacra (D)
  A lindwurm (D)
  An orange crystal statue (D)
  3 shining eyes (D)
  2 oklob plants (D)
  4 deep elf magi (D)
  6 ugly things (D)
  4 crystal guardians (D)
  2 elephants (D)
  A toenail golem (D)
  A moth of wrath (D)
  4 black mambas (D)
  A guardian serpent (D)
  A stone giant skeleton (D)
  3 rust devils (D)
  A guardian serpent (shapeshifter) (D)
  2 water nymphs (shapeshifter) (D)
  Edmund (D)
  An iron troll simulacrum (D)
  2 cane toads (D)
  6 hellions (D)
  2 ice devils (D)
  A komodo dragon (D)
  10 yaktaurs (D)
  A queen bee (D)
  2 tyrant leeches (D)
  33 guardian mummies (D)
  2 red devils (D)
  2 hornets (D)
  9 statues (D)
  An orc high priest (D)
  8 blink frogs (D)
  3 wandering mushrooms (D)
  8 slime creatures (D)
  5 redbacks (D)
  7 shadows (D)
  2 spriggans (D)
  A golden eye (D)
  A spatial vortex (D)
  2 nagas (D)
  2 hydra simulacra (D)
  8 water moccasins (D)
  4 floating eyes (D)
  3 orc warriors (D)
  A swamp drake (D)
  A fire dragon simulacrum (D)
  A necrophage (D)
  2 black mamba simulacra (D)
  5 two-headed ogres (D)
  A water elemental (D)
  32 killer bees (D)
  6 electric eels (D)
  13 quasits (D)
  A jelly (D)
  4 orc priests (D)
  3 orc wizards (D)
  A wizard (D)
  2 necromancers (D)
  A polar bear simulacrum (D)
  3 humans (D)
  A kobold demonologist (D)
  3 adders (D)
  2 oozes (D)
  An ooze (shapeshifter) (D)
  2 swamp drake simulacra (D)
  A phantom (D)
  A ball lightning (D)
  9 orcs (D)
  2 rats (D)
  3 bushes (D)
  9 butterflies (D)
  2 plants (D)
492 creatures vanquished.

Vanquished Creatures (others)
  5 deep elf blademasters (D)
  A draconian stormcaller (D)
  A black sun (D)
  Nessos (D)
  A yaktaur captain (D)
  2 hydras (D)
  A shadow wraith (D)
  A golden dragon zombie (D)
  An anaconda zombie (D)
  A torturous demonspawn (D)
  A molten gargoyle (D)
  A rime drake (D)
  3 yaktaurs (D)
  A hornet (D)
  4 spriggan defenders (D)
  An orc high priest (D)
  An electric eel (D)
  An orc priest (D)
  A ball lightning (D)
  7 ballistomycete spores (D)
  2 bushes (D)
  53 plants (D)
  7 tentacles (D)
98 creatures vanquished.

Grand Total: 590 creatures vanquished

Notes
Turn   | Place    | Note
-------+----------+-------------------------------------------
     0 | D        | rocky1 the Formicid Fighter began the quest for the Orb.
     0 | D        | Reached XP level 1. HP: 18/18 MP: 1/1
    24 | D        | Reached skill level 5 in Shields
    24 | D        | Reached XP level 2. HP: 15/24 MP: 2/2
   189 | D        | Reached XP level 3. HP: 11/29 MP: 3/3
   485 | D        | Noticed a water elemental
   489 | D        | Killed a water elemental
   489 | D        | Reached XP level 4. HP: 14/35 MP: 4/4
   502 | D        | Noticed a shadow
   506 | D        | Killed a shadow
   506 | D        | Reached skill level 10 in Shields
   506 | D        | Reached XP level 5. HP: 30/41 MP: 5/5
   506 | D        | Reached XP level 6. HP: 34/47 MP: 6/6
   518 | D        | Found a blossoming altar of Fedhas.
   518 | D        | Found a stormy altar of Qazlal.
   518 | D        | Found a snail-covered altar of Cheibriados.
   518 | D        | Found a burning altar of Makhleb.
   518 | D        | Found a shimmering altar of Xom.
   518 | D        | Noticed a spatial vortex
   519 | D        | Found a hazy altar of Hepliaklqana.
   519 | D        | Found an opulent altar of Gozag.
   519 | D        | Found a sparkling altar of Nemelex Xobeh.
   519 | D        | Found a corrupted altar of Lugonu.
   519 | D        | Found a viscous altar of Jiyva.
   522 | D        | Became a worshipper of Qazlal Stormbringer
   532 | D        | Killed a spatial vortex
   532 | D        | Reached XP level 7. HP: 38/52 MP: 6/10
   620 | D        | Found a basalt altar of Yredelemnul.
   620 | D        | Found a shadowy altar of Dithmenos.
   620 | D        | Found a sacrificial altar of Ru.
   626 | D        | Reached skill level 10 in Long Blades
   626 | D        | Reached skill level 5 in Invocations
   629 | D        | Reached * piety under Qazlal
   661 | D        | Found a hide-covered altar of Uskayaw.
   661 | D        | Found a roughly hewn altar of Beogh.
   661 | D        | Found an iron altar of Okawaru.
   661 | D        | Found a bloodstained altar of Trog.
   661 | D        | Found an ornate altar of the Wu Jian Council.
   661 | D        | Noticed a human
   661 | D        | Noticed a human
   688 | D        | Killed a human
   706 | D        | Killed a human
   706 | D        | Reached XP level 8. HP: 26/57 MP: 12/14
   874 | D        | Found a radiant altar of Vehumet.
   874 | D        | Found a shimmering blue altar of Sif Muna.
   874 | D        | Found an ancient bone altar of Kikubaaqudgha.
   884 | D        | Noticed a rust devil
   884 | D        | Reached ** piety under Qazlal
   885 | D        | Noticed a sun demon
   996 | D        | Found a glowing silver altar of Zin.
   996 | D        | Found a glowing golden altar of the Shining One.
   996 | D        | Found a white marble altar of Elyvilon.
   996 | D        | Noticed a deep elf mage
   997 | D        | Noticed a fire elemental
   998 | D        | Killed a deep elf mage
  1138 | D        | Reached skill level 5 in Fighting
  1138 | D        | Reached skill level 5 in Armour
  1152 | D        | Reached XP level 9. HP: 24/68 MP: 16/16
  1367 | D        | Reached skill level 10 in Invocations
  1375 | D        | Noticed a two-headed ogre
  1392 | D        | Killed a two-headed ogre
  1392 | D        | Reached *** piety under Qazlal
  1453 | D        | Noticed a two-headed ogre
  1453 | D        | Noticed Erolcha
  1456 | D        | Killed a two-headed ogre
  1458 | D        | Killed Erolcha
  1458 | D        | Reached skill level 5 in Dodging
  1567 | D        | Reached XP level 10. HP: 75/80 MP: 18/18
  1591 | D        | Killed a seven-headed hydra
  1754 | D        | Killed a four-headed hydra
  1940 | D        | Reached **** piety under Qazlal
  1941 | D        | Reached ***** piety under Qazlal
  2005 | D        | Reached ****** piety under Qazlal
  2333 | D        | Noticed Sigmund
  2333 | D        | Noticed Edmund
  2336 | D        | Killed Sigmund
  2336 | D        | Reached XP level 11. HP: 93/93 MP: 11/21
  2352 | D        | Killed Edmund
  2476 | D        | Noticed a yaktaur captain
  2485 | D        | Noticed a skeletal warrior
  2505 | D        | Killed a skeletal warrior
  2621 | D        | Found Fyiruf's Assorted Antiques.
  2681 | D        | Bought a scroll of identify for 50 gold pieces
  2681 | D        | Bought a bubbling brown potion for 22 gold pieces
  2681 | D        | Bought a scroll labeled YREQAJ JIUDDOO for 25 gold pieces
  2681 | D        | Bought a scroll labeled VOSKOATHRUTI for 25 gold pieces
  2681 | D        | Bought a metallic coppery potion for 22 gold pieces
  2681 | D        | Bought a bubbling dark potion for 22 gold pieces
  2681 | D        | Bought a scroll of immolation for 87 gold pieces
  2690 | D        | Noticed a deep elf knight
  2690 | D        | Noticed a deep elf mage
  2690 | D        | Noticed a deep elf knight
  2690 | D        | Noticed a deep elf knight
  2690 | D        | Noticed a deep elf mage
  2701 | D        | Killed a deep elf knight
  2701 | D        | Reached skill level 15 in Long Blades
  2707 | D        | Killed a deep elf knight
  2707 | D        | Reached XP level 12. HP: 80/102 MP: 14/23
  2707 | D        | Reached skill level 10 in Dodging
  2708 | D        | Killed a deep elf knight
  2708 | D        | Reached skill level 15 in Invocations
  2785 | D        | Identified the +10 spear "Zexteunu" {freeze, rElec rN+
                  | SInv}
  2785 | D        | Noticed a deep elf death mage
  2789 | D        | Noticed a deep elf annihilator
  2791 | D        | Killed a deep elf death mage
  2791 | D        | Noticed a deep elf master archer
  2797 | D        | Killed a deep elf annihilator
  2798 | D        | Killed a ghostly deep elf death mage
  2803 | D        | Killed a deep elf master archer
  2848 | D        | Noticed a deep elf high priest
  2851 | D        | Killed a deep elf annihilator
  2851 | D        | Killed a deep elf high priest
  2923 | D        | Killed a deep elf annihilator
  3122 | D        | Got a glittering marble ring
  3127 | D        | Identified the Papyrus of Summoning and Contamination
  3159 | D        | Killed Nessos
  3280 | D        | Identified the ring of Niyr {rF+ rC- MP+9 Int+6 Dex-3} (You
                  | found it in the Dungeon)
  3343 | D        | Reached XP level 13. HP: 51/111 MP: 25/25
  3384 | D        | Killed a deep elf blademaster
  3442 | D        | Killed a deep elf blademaster
  3606 | D        | Noticed Rupert
  3623 | D        | Killed Rupert
  3726 | D        | Noticed an azure jelly
  3726 | D        | Noticed an azure jelly
  3726 | D        | Noticed an azure jelly
  3726 | D        | Noticed an azure jelly
  3728 | D        | Noticed a dire elephant
  3728 | D        | Noticed a dire elephant
  3728 | D        | Noticed Gastronok
  3731 | D        | Killed a dire elephant
  3745 | D        | Killed a dire elephant
  3754 | D        | Killed Gastronok
  3754 | D        | Reached skill level 15 in Shields
  3917 | D        | Reached skill level 15 in Fighting
  3927 | D        | Killed a deep elf blademaster
  4032 | D        | Noticed an anaconda
  4035 | D        | Noticed an anaconda
  4040 | D        | Killed an anaconda
  4041 | D        | Killed an anaconda
  4041 | D        | Reached skill level 15 in Armour
  4063 | D        | Killed a deep elf blademaster
  4098 | D        | Reached XP level 14. HP: 123/123 MP: 26/26
  4341 | D        | Noticed a nagaraja
  4345 | D        | Killed a nagaraja
  4432 | D        | Found Macum's Book Boutique.
  4432 | D        | Found Cusouhir's Antique Armour Emporium.
  4434 | D        | Found Ywiotifel's Distillery.
  4465 | D        | Got a serpentine rune of Zot
  4477 | D        | Bought a potion of heal wounds for 50 gold pieces
  4477 | D        | Bought a potion of mutation for 80 gold pieces
  4477 | D        | Bought a potion of mutation for 80 gold pieces
  4477 | D        | Bought a potion of might for 40 gold pieces
  4477 | D        | Bought a potion of might for 40 gold pieces
  4477 | D        | Bought a potion of mutation for 80 gold pieces
  4477 | D        | Bought a potion of curing for 30 gold pieces
  4533 | D        | Killed an azure jelly
  4533 | D        | Killed an azure jelly
  4540 | D        | Killed an azure jelly
  4559 | D        | Killed an azure jelly
  4811 | D        | Noticed Urug
  4835 | D        | Killed Urug
  5111 | D        | Found a blossoming altar of Fedhas.
  5187 | D        | Reached skill level 1 in Maces & Flails
  5324 | D        | Found Byobb's Antique Armour Emporium.
  5324 | D        | Found Suerr's Book Shop.
  5324 | D        | Found Leoczou's Distillery.
  5411 | D        | Bought a glowing scarf for 152 gold pieces
  5411 | D        | Bought a pair of gloves for 85 gold pieces
  5411 | D        | Bought a pair of boots for 85 gold pieces
  5434 | D        | Bought 2 potions of might for 112 gold pieces
  5434 | D        | Bought a potion of mutation for 112 gold pieces
  5434 | D        | Bought a potion of curing for 42 gold pieces
  5434 | D        | Bought a potion of heal wounds for 70 gold pieces
  5434 | D        | Bought a potion of heal wounds for 70 gold pieces
  5434 | D        | Bought a potion of heal wounds for 70 gold pieces
  5434 | D        | Bought a potion of curing for 42 gold pieces
  5434 | D        | Bought a potion of mutation for 112 gold pieces
  5434 | D        | Bought a potion of curing for 42 gold pieces
  5449 | D        | Got a decaying rune of Zot
  5702 | D        | Reached skill level 5 in Evocations
  5722 | D        | Killed a deep elf blademaster
  5752 | D        | Reached XP level 15. HP: 108/132 MP: 28/28
  5772 | D        | Reached skill level 5 in Maces & Flails
  5813 | D        | Gained mutation: Armour fits poorly on your strangely
                  | shaped body. [mutagenic glow]
  5827 | D        | Gained mutation: Scrolls take you a little longer to read.
                  | [mutagenic glow]
  5902 | D        | Lost mutation: Scrolls take you a little longer to read.
                  | [potion of mutation]
  5902 | D        | Gained mutation: Your body sometimes deteriorates upon
                  | taking damage. [potion of mutation]
  5902 | D        | Gained mutation: You do not regenerate when monsters are
                  | visible. [potion of mutation]
  5902 | D        | Gained mutation: You are agile. (Dex +2) [potion of
                  | mutation]
  5902 | D        | Gained mutation: Your flesh is heat resistant. (rF+)
                  | [potion of mutation]
  5903 | D        | Lost mutation: You are agile. (Dex +2) [potion of mutation]
  5903 | D        | Lost mutation: Your flesh is heat resistant. (rF+) [potion
                  | of mutation]
  5903 | D        | Lost mutation: Your body sometimes deteriorates upon taking
                  | damage. [potion of mutation]
  5903 | D        | Gained mutation: Potions are less effective at restoring
                  | your health. [potion of mutation]
  5903 | D        | Gained mutation: You are somewhat resistant to further
                  | mutation. [potion of mutation]
  5904 | D        | Lost mutation: You are somewhat resistant to further
                  | mutation. [potion of mutation]
  5904 | D        | Lost mutation: Armour fits poorly on your strangely shaped
                  | body. [potion of mutation]
  5904 | D        | Lost mutation: You do not regenerate when monsters are
                  | visible. [potion of mutation]
  5904 | D        | Gained mutation: You are agile. (Dex +2) [potion of
                  | mutation]
  5904 | D        | Gained mutation: You expend magic power (3 MP) to
                  | strengthen your wands. [potion of mutation]
  5904 | D        | Gained mutation: You do not regenerate when monsters are
                  | visible. [potion of mutation]
  5904 | D        | Gained mutation: You have a beak for a mouth. [potion of
                  | mutation]
  5905 | D        | Lost mutation: You expend magic power (3 MP) to strengthen
                  | your wands. [potion of mutation]
  5905 | D        | Lost mutation: You are agile. (Dex +2) [potion of mutation]
  5905 | D        | Lost mutation: Potions are less effective at restoring your
                  | health. [potion of mutation]
  5905 | D        | Gained mutation: You possess an exceptional clarity of
                  | mind. [potion of mutation]
  5905 | D        | Gained mutation: You are frail. (-10% HP) [potion of
                  | mutation]
  5905 | D        | Gained mutation: You passively map a small area around you.
                  | [potion of mutation]
  5906 | D        | Lost mutation: You possess an exceptional clarity of mind.
                  | [potion of mutation]
  5906 | D        | Lost mutation: You have a beak for a mouth. [potion of
                  | mutation]
  5906 | D        | Gained mutation: You are weak. (Str -2) [potion of
                  | mutation]
  5906 | D        | Gained mutation: You are surrounded by a mild repulsion
                  | field. (EV +2) [potion of mutation]
  5906 | D        | Gained mutation: You are partially covered in rugged brown
                  | scales. (AC +1, +3% HP) [potion of mutation]
  5907 | D        | Lost mutation: You are weak. (Str -2) [potion of mutation]
  5907 | D        | Lost mutation: You are frail. (-10% HP) [potion of
                  | mutation]
  5907 | D        | Gained mutation: You are frail. (-10% HP) [potion of
                  | mutation]
  5907 | D        | Lost mutation: You are frail. (-10% HP) [potion of
                  | mutation]
  5908 | D        | Lost mutation: You are surrounded by a mild repulsion
                  | field. (EV +2) [potion of mutation]
  5908 | D        | Gained mutation: You are frail. (-10% HP) [potion of
                  | mutation]
  5908 | D        | Gained mutation: Your muscles are strong. (Str +2) [potion
                  | of mutation]
  5910 | D        | Lost mutation: You do not regenerate when monsters are
                  | visible. [potion of mutation]
  5910 | D        | Lost mutation: Your muscles are strong. (Str +2) [potion of
                  | mutation]
  5910 | D        | Lost mutation: You passively map a small area around you.
                  | [potion of mutation]
  5910 | D        | Lost mutation: You are frail. (-10% HP) [potion of
                  | mutation]
  5910 | D        | Gained mutation: You passively map a small area around you.
                  | [potion of mutation]
  5910 | D        | Gained mutation: Your spells are a little harder to cast,
                  | but a little more powerful. [potion of mutation]
  6190 | D        | Noticed Chuck
  6192 | D        | Killed Chuck
  6192 | D        | Reached skill level 10 in Evocations
  6410 | D        | Found Kaxorusch's Magic Scroll Emporium.
  6410 | D        | Found Wuisiygru's Distillery.
  6410 | D        | Found Akeliaha's Antique Weapon Boutique.
  6410 | D        | Found Wiavas's Antique Weapon Shoppe.
  6410 | D        | Found Maovuah's Book Boutique.
  6410 | D        | Found Fiepla's Magic Scroll Emporium.
  6410 | D        | Found Tabisteg's Gadget Shoppe.
  6410 | D        | Found Wamif's Gadget Shop.
  6410 | D        | Found Balokh's Antique Armour Shop.
  6410 | D        | Found Acixzeru's Jewellery Emporium.
  6410 | D        | Found Cemigg's Distillery.
  6673 | D        | Bought a condenser vane (2/2) for 280 gold pieces
  6676 | D        | Bought a potion of curing for 30 gold pieces
  6676 | D        | Bought a potion of curing for 30 gold pieces
  6676 | D        | Bought 2 potions of curing for 60 gold pieces
  6676 | D        | Bought a potion of heal wounds for 50 gold pieces
  6687 | D        | Bought a potion of degeneration for 13 gold pieces
  6687 | D        | Bought a potion of heal wounds for 65 gold pieces
  6687 | D        | Bought a potion of heal wounds for 65 gold pieces
  6689 | D        | Bought a potion of cancellation for 104 gold pieces
  6689 | D        | Noticed an Executioner
  6698 | D        | Killed an Executioner
  6835 | D        | Noticed Boris
  6841 | D        | Noticed Mara
  6855 | D        | Killed Boris
  6869 | D        | Killed Mara
  6869 | D        | Reached skill level 10 in Maces & Flails
  6869 | D        | Reached skill level 15 in Evocations
  7002 | D        | Noticed Mennas
  7004 | D        | Killed Mennas
  7004 | D        | Reached XP level 16. HP: 143/143 MP: 29/31
  7090 | D        | Found Zuesod's Armour Emporium.
  7090 | D        | Found Duffixaxeo's Armour Shop.
  7090 | D        | Found Ugeum's Distillery.
  7090 | D        | Found Dokym's Gadget Shoppe.
  7100 | D        | Noticed Roxanne
  7125 | D        | Killed Roxanne
  7235 | D        | Noticed a black draconian knight
  7242 | D        | Identified the +9 trident of Reapportionment {flame, rF+
                  | MR++}
  7260 | D        | Killed a black draconian knight
  7277 | D        | Found Giepp's Distillery.
  7278 | D        | Noticed a yellow draconian knight
  7298 | D        | Killed a yellow draconian knight
  7299 | D        | Noticed a black draconian knight
  7306 | D        | Killed a black draconian knight
  7306 | D        | Reached skill level 15 in Dodging
  7356 | D        | Bought a potion of flight for 36 gold pieces
  7379 | D        | Noticed a storm dragon
  7380 | D        | Noticed Nikola
  7398 | D        | Killed a storm dragon
  7423 | D        | Killed Nikola
  8060 | D        | Identified the amulet of the Death Scarab {Faith rPois MR-
                  | Int+8}
  8060 | D        | Noticed an ancient champion
  8068 | D        | Killed an ancient champion
  8256 | D        | Bought a potion of flight for 30 gold pieces
  8256 | D        | Bought 2 potions of flight for 60 gold pieces
  8567 | D        | Noticed Azrael
  8581 | D        | Killed Azrael
  8581 | D        | Reached XP level 17. HP: 113/150 MP: 32/32
  8689 | D        | Acquired a +1 pair of boots of flying
  8724 | D        | Acquired 898 gold pieces
  8943 | D        | Reached skill level 15 in Maces & Flails
  8951 | D        | Noticed a lich
  8957 | D        | Killed a lich
  9029 | D        | Learned a level 1 spell: Animate Skeleton
  9052 | D        | Noticed a sphinx
  9052 | D        | Noticed a sphinx
  9064 | D        | Killed a sphinx
  9071 | D        | Killed a sphinx
  9446 | D        | Reached skill level 5 in Necromancy
  9690 | D        | Killed a greater mummy
  9690 | D        | Noticed a greater mummy
  9716 | D        | Killed a greater mummy
 10009 | D        | Got a golden rune of Zot
 10014 | D        | Identified the Tome of Fiery Necromancy
 10019 | D        | Got a dazzling ring mail
 10200 | D        | Noticed Sojobo
 10246 | D        | Killed Sojobo
 10370 | D        | Noticed a lich
 10377 | D        | Killed a lich
 10395 | D        | Noticed a shadow dragon
 10395 | D        | Noticed a shadow dragon
 10416 | D        | Reached XP level 18. HP: 47/162 MP: 34/34
 10600 | D        | Reached skill level 10 in Necromancy
 10772 | D        | Noticed a titan
 10787 | D        | Noticed a quicksilver dragon
 10787 | D        | an alligator snapping turtle changed into a quicksilver
                  | dragon
 10790 | D        | a quicksilver dragon changed into a fire giant
 10804 | D        | Killed a titan
 11019 | D        | Noticed a quicksilver dragon
 11019 | D        | Identified the +7 short sword of Demonkind {speed, Fragile
                  | rC+ rN+++ Dex-5}
 11020 | D        | Killed a quicksilver dragon
 11061 | D        | Got a silver rune of Zot
 11069 | D        | Got a pair of jewelled boots
 11180 | D        | Identified the +5 ring mail of Mental Paralysis {Slay+2}
                  | (You found it in the Dungeon)
 11190 | D        | Identified the +2 pair of boots "Urokkitz" {Rampage Int+2}
                  | (You found it in the Dungeon)
 11423 | D        | Noticed Geryon
 11425 | D        | Reached skill level 27 in Invocations
 11426 | D        | Killed Geryon
 11447 | D        | Acquired 755 gold pieces
 11448 | D        | Acquired 807 gold pieces
 11449 | D        | Acquired 395 gold pieces
 11450 | D        | Acquired 1029 gold pieces
 11451 | D        | Acquired 952 gold pieces
 11452 | D        | Acquired a manual of Necromancy
 11478 | D        | Bought a potion of curing for 36 gold pieces
 11478 | D        | Bought a potion of heal wounds for 60 gold pieces
 11478 | D        | Bought a potion of heal wounds for 60 gold pieces
 11478 | D        | Bought a potion of curing for 36 gold pieces
 11478 | D        | Bought 2 potions of curing for 72 gold pieces
 11481 | D        | Bought a wand of digging (6) for 200 gold pieces
 11649 | D        | Bought a potion of resistance for 100 gold pieces
 11661 | D        | Bought a smoking scale mail for 198 gold pieces
 11676 | D        | Bought a scroll of identify for 28 gold pieces
 11676 | D        | Bought a scroll of identify for 28 gold pieces
 11676 | D        | Bought a scroll of identify for 28 gold pieces
 11678 | D        | Bought a scroll of identify for 24 gold pieces
 11678 | D        | Bought a scroll of identify for 24 gold pieces
 11678 | D        | Bought a scroll of identify for 24 gold pieces
 11679 | D        | Bought a manual of Armour for 1435 gold pieces
 11718 | D        | Bought a book of Minor Magic for 260 gold pieces
 11718 | D        | Bought a book of Maledictions for 325 gold pieces
 11718 | D        | Bought a book of Misfortune for 260 gold pieces
 11723 | D        | Upgraded the game from 0.26-a0-712-ga5a9c9c9d0 to
                  | 0.26-a0-720-g2a1d101370
 11798 | D        | Noticed Nellie
 11808 | D        | Killed Nellie
 11816 | D        | Got a demonic rune of Zot
 11915 | D        | Noticed an acid blob
 11926 | D        | Killed an acid blob
 11926 | D        | Reached XP level 19. HP: 130/176 MP: 36/36
 11932 | D        | Reached skill level 15 in Necromancy
 12015 | D        | Noticed the Royal Jelly
 12022 | D        | Killed the Royal Jelly
 12022 | D        | Reached skill level 27 in Shields
 12269 | D        | Found the brooch of Shielding {Spirit SH+8}
 12281 | D        | Got a slimy rune of Zot
 12282 | D        | Identified the Guide on the Entourage
 12285 | D        | Identified Dufrufoc's Incunabulum of Morality
 12457 | D        | Identified the +4 scale mail "Boroel" {rF+ Str+3} (You
                  | bought it in a shop in the Dungeon)
 12479 | D        | Noticed an iron giant
 12504 | D        | Killed an iron giant
 12666 | D        | Noticed a Hell Sentinel
 12671 | D        | Killed a Hell Sentinel
 12678 | D        | Found the +10 tower shield of Ignorance {rN+ Int-4}
 12774 | D        | Noticed a Hell Sentinel
 12781 | D        | Identified the +4 staff of Dispater
 12781 | D        | Identified the cursed +1 robe of Nemmudosk {Harm rN+ Str-2
                  | Dex+2}
 12781 | D        | Noticed Dispater
 12795 | D        | Killed a Hell Sentinel
 12805 | D        | Noticed a Hell Sentinel
 12807 | D        | Noticed a Tzitzimitl
 12830 | D        | Killed Dispater
 12834 | D        | Noticed a Hell Sentinel
 12855 | D        | Killed a Hell Sentinel
 12864 | D        | Got an iron rune of Zot
 12874 | D        | Got a faintly glowing flail
 13232 | D        | Noticed a Brimstone Fiend
 13232 | D        | Noticed the Serpent of Hell
 13251 | D        | Killed a Brimstone Fiend
 13257 | D        | Killed the Serpent of Hell
 13617 | D        | Reached XP level 20. HP: 177/192 MP: 29/37
 13639 | D        | Got a heavily runed pewter ring
 13642 | D        | Got a transparent plate armour
 13647 | D        | Got an obsidian rune of Zot
 13785 | D        | Identified the ring "Xeal" {Ice *Contam Int+4 Dex+2 Slay+3}
                  | (You found it in the Dungeon)
 13786 | D        | Identified the +10 plate armour of Henotheism {rC+ Stlth+}
                  | (You found it in the Dungeon)
 13806 | D        | Identified the cursed +0 flail "Ureag" {vorpal, *Slow MR++
                  | Int+5} (You found it in the Dungeon)
 13840 | D        | Noticed Gloorx Vloq
 13858 | D        | Killed Gloorx Vloq
 13858 | D        | Reached skill level 27 in Armour
 13861 | D        | Noticed a greater mummy
 13865 | D        | Killed a greater mummy
 13865 | D        | HP: 9/193 [poisoned by Gloorx Vloq (foul vapour)]
 14366 | D        | Identified the +8 quarterstaff "Giantbane" {vamp, *Corrode
                  | rF++ MR+ Dex+3}
 14366 | D        | Noticed Murray
 14387 | D        | Killed Murray
 14403 | D        | Noticed a greater mummy
 14403 | D        | Noticed a greater mummy
 14424 | D        | Killed a greater mummy
 14427 | D        | Killed a greater mummy
 14883 | D        | Got a bone rune of Zot
 15047 | D        | Noticed an Ice Fiend
 15056 | D        | Killed an Ice Fiend
 15262 | D        | Noticed an Ice Fiend
 15265 | D        | Killed an Ice Fiend
 15280 | D        | Noticed an Ice Fiend
 15285 | D        | Killed an Ice Fiend
 15670 | D        | Noticed an Ice Fiend
 15674 | D        | Killed an Ice Fiend
 15690 | D        | Noticed an Ice Fiend
 15699 | D        | Killed an Ice Fiend
 15882 | D        | Noticed Antaeus
 15927 | D        | Killed Antaeus
 15929 | D        | Got an icy rune of Zot
 16232 | D        | Noticed a Killer Klown
 16259 | D        | Killed a Killer Klown
 16259 | D        | Reached XP level 21. HP: 209/209 MP: 38/38
 16295 | D        | Reached skill level 27 in Fighting
 16625 | D        | Noticed an ancient lich
 16631 | D        | Killed an ancient lich
 16939 | D        | Identified the +4 dragonskin cloak
 16939 | D        | Noticed Tiamat
 16992 | D        | Killed Tiamat
 17148 | D        | Noticed an orb of fire
 17171 | D        | Killed an orb of fire
 17389 | D        | Got the Orb of Zot
 17430 | D        | Noticed Zohunius the pandemonium lord
 17441 | D        | Killed Zohunius the pandemonium lord
 17517 | D        | Noticed Boris
 17523 | D        | Noticed Xiulexy the pandemonium lord
 17531 | D        | Killed Boris
 17538 | D        | Killed Xiulexy the pandemonium lord
 17538 | D        | Reached skill level 27 in Dodging
 17583 | D        | Noticed a golden dragon
 17609 | D        | Reached skill level 27 in Evocations
 17622 | D        | Reached skill level 27 in Necromancy
 17719 | D        | Reached skill level 5 in Spellcasting
 17729 | D        | Escaped with the Orb!

Illustrated notes

Levels and vault maps discovered:
D:        dungeon_sprint_mu [sprint_mu_entry_cave, sprint_mu_temple_rooms,
          sprint_mu_d1_spiders, sprint_mu_d2_genie, sprint_mu_d3_branching,
          sprint_mu_orc_legion, sprint_mu_elf_gauntlet, sprint_mu_hive_nellie,
          sprint_mu_lair_fedhas, sprint_mu_vaults_butterflies,
          sprint_mu_slime_circle, sprint_mu_swamp_cave, sprint_mu_snake_twists,
          sprint_mu_blade_basic, sprint_mu_crypt_fortress,
          sprint_mu_tomb_spiral, sprint_mu_vestibule_basic,
          sprint_mu_gehenna_hellfire, sprint_mu_dis_giant,
          sprint_mu_tartarus_statrot, sprint_mu_cocytus_islands, sprint_mu_zot1]

Skill      XL: |  1  2  3  4  5  6  7  8  9 10 11 12 13 14 15 16 17 18 19 20 21 |
---------------+----------------------------------------------------------------+-----
Long Blades    | 3 4 6 8 9 11 12 13 14 15 16 18 19 20 | 20.1
Shields        | 5 6 8 10 11 12 14 15 17 20 22 24 26 27 | 27.0
Invocations    | 4 8 9 11 14 16 17 19 22 23 25 27 | 27.0
Fighting       | 5 7 11 12 13 15 16 18 20 23 26 27 | 27.0
Armour         | 5 7 11 13 15 16 18 20 23 26 27 | 27.0
Dodging        | 3 5 9 11 12 14 15 17 19 22 24 27 | 27.0
Maces & Flails | 4 11 14 15 | 15.2
Evocations     | 6 15 18 23 27 | 27.0
Necromancy     | 9 14 20 23 27 | 27.0
Spellcasting   | 5 |  5.0
Summonings     | 7 |  7.3

Action                   |  1- 3 |  4- 6 |  7- 9 | 10-12 | 13-15 | 16-18 | 19-21 || total
-------------------------+-------+-------+-------+-------+-------+-------+-------++-------
Melee: Long sword        |    48 |    14 |   109 |   140 |   505 |       |       ||   816
       Scimitar          |       |       |       |       |   149 |    16 |       ||   165
       Eudemon blade     |       |       |       |       |       |   592 |   636 ||  1228
       Great sword       |       |       |       |       |       |    45 |       ||    45
Invok: Upheaval          |       |       |     6 |    29 |    39 |    34 |    11 ||   119
       Disaster Area     |       |       |       |       |     4 |     9 |    11 ||    24
       Elemental Force   |       |       |       |       |     1 |       |       ||     1
 Abil: Stop Flying       |       |       |       |       |       |     1 |       ||     1
       Evoke Flight      |       |       |       |       |       |     1 |       ||     1
Evoke: Wand              |       |       |       |       |       |     2 |     5 ||     7
  Use: Potion            |     1 |     1 |     1 |     3 |    12 |    11 |    11 ||    40
       Scroll            |       |       |       |     6 |    10 |    15 |    14 ||    45
 Stab: Distracted        |       |       |       |       |       |       |     1 ||     1
Armor: Scale mail        |     7 |     1 |     8 |     6 |       |       |    31 ||    53
       Chain mail        |       |       |       |     3 |   107 |    76 |       ||   186
       Ring mail         |       |       |       |       |       |     2 |     7 ||     9
       Plate armour      |       |       |       |       |       |       |    45 ||    45
Dodge: Dodged            |    15 |     1 |    25 |    33 |   150 |    86 |   138 ||   448
       Repelled          |       |       |       |     1 |     7 |     2 |    10 ||    20
Block: Kite shield       |    20 |     1 |    61 |   113 |   488 |    12 |       ||   695
       Tower shield      |       |       |       |       |       |   553 |   742 ||  1295
       Reflection        |       |       |       |       |       |     3 |     2 ||     5
       Rpst.: Long sword |     2 |       |     2 |    10 |    22 |       |       ||    36
       Scimitar          |       |       |       |       |     6 |       |       ||     6
       Eudemon blade     |       |       |       |       |       |    14 |    13 ||    27
       Great sword       |       |       |       |       |       |     4 |       ||     4

Table legend: (Time is in decaauts) A = Elapsed time spent in this place. B = Non-inter-level travel time spent in this place. C = Inter-level travel time spent in this place. D = Time resting spent in this place. E = Time spent auto-exploring this place. F = Levels seen in this place. G = Mean time per level. A B C D E F G +--------+--------+--------+--------+--------+-----+--------+ Total | 17043 | 16315 | 728 | 8986 | 0 | 1 | 17043.0 | Dungeon | 17043 | 16315 | 728 | 8986 | 0 | 1 | 17043.0 | +--------+--------+--------+--------+--------+-----+--------+

Top non-repeatable levels by time:
       D: 17043 daAuts
